 Dungeon Crawl Stone Soup version 0.31-a0-435-g2c6fae2916 (webtiles) character file.

Game seed: 4870920968739900026

4161 IndexError the Destroyer (level 10, -1/66 HPs)
             Began as a Gnoll Conjurer on Aug 1, 2023.
             Was a Priest of Hepliaklqana.
             Slain by an unseen horror (5 damage)
             ... on level 6 of the Dungeon.
             The game lasted 00:17:47 (8729 turns).

IndexError the Destroyer (Gnoll Conjurer)           Turns: 8729, Time: 00:17:48

Health: -1/66      AC:  4    Str: 12    XL:     10   Next: 28%
Magic:  21/21      EV: 14    Int: 22    God:    Hepliaklqana [***...]
Gold:   411        SH:  5    Dex: 11    Spells: 12/23 levels left

rFire   . . .        s - +7 flail (holy)
rCold   . . .        (no shield)
rNeg    . . .        a - +0 robe
rPois   .            j - +0 helmet
rElec   .            q - +0 cloak
rCorr   .            (no gloves)
SInv    .            (no boots)
Will    .....        p - amulet of reflection
Stlth   +++          g - ring of flight {+Fly, !d}
HPRegen 0.31/turn    u - +6 ring of strength
MPRegen 0.17/turn

%: reflection
@: flying
A: reduced essence, fangs 1, strong nose, distributed training
a: Renounce Religion, Recall Ancestor, Ancestor Identity, Transference


You were on level 6 of the Dungeon.
You worshipped Hepliaklqana.
Hepliaklqana was most pleased with you.
You visited 1 branch of the dungeon, and saw 7 of its levels.
You also visited: Ossuary.

You collected 411 gold pieces.

Inventory:

Hand Weapons
 c - a +2 dagger of flaming
   (You found it on level 1 of the Dungeon)
 s - a +7 flail of holy wrath (weapon)
   (You took it off Terence on level 3 of the Dungeon)
Missiles
 r - 3 javelins
 y - a throwing net {=f, !d}
 H - a curare-tipped dart
Armour
 a - a +0 robe (worn)
 j - a +0 helmet (worn)
   (You found it on level 2 of the Dungeon)
 q - a +0 cloak (worn)
   (You found it on level 3 of the Dungeon)
 v - an orb of energy
   (You took it off a goblin on level 4 of the Dungeon)
Jewellery
 g - a ring of flight (left hand) {+Fly, !d}
   (You found it on level 2 of the Dungeon)
 p - an amulet of reflection (around neck)
   (You found it on level 3 of the Dungeon)
 u - a +6 ring of strength (right hand)
   (You took it off an orc on level 4 of the Dungeon)
 D - a ring of magical power {MP+9}
   (You found it on level 6 of the Dungeon)
Scrolls
 d - 2 scrolls of vulnerability {unknown}
 f - 6 scrolls of teleportation {unknown}
 i - 5 scrolls of identify {unknown}
 m - 2 scrolls of silence {unknown}
 n - 2 scrolls of fear {unknown}
 x - 2 scrolls of amnesia {unknown}
 B - a scroll of blinking {unknown}
 C - 2 scrolls of revelation {unknown}
 F - a scroll of butterflies {unknown}
 I - a scroll of enchant armour {unknown}
Potions
 b - 2 potions of magic
 e - 3 potions of degeneration {unknown}
 h - 2 potions of heal wounds {unknown}
 k - a potion of resistance {unknown}
 l - 2 potions of invisibility {unknown}
 o - 2 potions of haste {unknown}
 t - a potion of attraction {unknown}
 w - a potion of curing {unknown}
 z - 3 potions of might {unknown}
 A - 2 potions of enlightenment {unknown}
 E - 3 potions of berserk rage {unknown}
 G - a potion of brilliance {unknown}


   Skills:
 + Level 5.2 Fighting
 + Level 5.2 Short Blades
 + Level 5.2 Long Blades
 + Level 5.2 Axes
 + Level 5.2 Maces & Flails
 + Level 5.2 Polearms
 + Level 5.2 Staves
 + Level 5.2 Ranged Weapons
 + Level 5.2 Throwing
 + Level 5.2 Armour
 + Level 7.0 Dodging
 + Level 6.7 Stealth
 + Level 5.2 Shields
 + Level 5.2 Unarmed Combat
 + Level 7.3 Spellcasting
 + Level 8.4 Conjurations
 + Level 4.3 Hexes
 + Level 4.3 Summonings
 + Level 4.3 Necromancy
 + Level 4.3 Translocations
 + Level 4.3 Transmutations
 + Level 4.3 Fire Magic
 + Level 4.3 Ice Magic
 + Level 4.3 Air Magic
 + Level 4.3 Earth Magic
 + Level 4.3 Poison Magic
 + Level 5.7 Invocations
 + Level 5.2 Evocations
 + Level 4.3 Shapeshifting


You had 12 spell levels left.
You knew the following spells:

 Your Spells              Type           Power      Damage    Failure   Level
a - Magic Dart            Conj           100%       1d8       1%          1
b - Searing Ray           Conj           90%        2d7       1%          2
c - Fulminant Prism       Conj/Hex       18%        3d10      6%          4
x - Iskenderun's Mystic   Conj/Tloc      36%        2d9       6%          4

Your spell library contained the following spells:

 Spells                   Type           Power      Damage    Failure   Level
 Kiss of Death            Conj/Necr      100%       2d13      1%          1
 Lesser Beckoning         Tloc           54%        N/A       1%          2
 Dazzling Flash           Conj/Hex       72%        N/A       1%          3
 Call Canine Familiar     Summ           27%        N/A       4%          3
 Confusing Touch          Hex            27%        N/A       4%          3
 Gell's Gravitas          Tloc           27%        N/A       4%          3
 Portal Projectile        Hex/Tloc       54%        N/A       4%          3
 Teleport Other           Tloc           27%        N/A       4%          3
 Dispel Undead            Necr           27%        3d13      14%         4
 Leda's Liquefaction      Hex/Erth       13%        N/A       14%         4


Dungeon Overview and Level Annotations

Branches:
Dungeon (7/15)             Temple (0/1) D:5         Ossuary (visited)

Altars:
Gozag
Hepliaklqana
Kikubaaqudgha
Nemelex Xobeh
Trog
Wu Jian
Xom
Zin

Shops:
D:3 (

Annotations:
D:4 2 transporters, psellion's ghost, novice OpMo


Innate Abilities, Weirdness & Mutations

Your life essence is reduced to manifest your ancestor. (-10% HP)
You have very sharp teeth.
Your uncanny sense of smell can sniff out nearby items.
Your experience applies equally to all skills.


Message History

Your Long Blades skill increases to level 5!
Your Axes skill increases to level 5!
Your Maces & Flails skill increases to level 5!
Your Polearms skill increases to level 5!
Your Staves skill increases to level 5!
Your Ranged Weapons skill increases to level 5!
Your Throwing skill increases to level 5!
Your Armour skill increases to level 5!
Your Shields skill increases to level 5!
Your Unarmed Combat skill increases to level 5!
Your Evocations skill increases to level 5!
Health restored: 66 You now have 5/20 mp.
The searing ray hits the kobold demonologist!
Your Dodging skill increases to level 7!
Sinnashi emerges from the mists of memory!
Magic restored.
You swap places.
There is an open door here.
There is an open door here.
There is an open door here.
Things that are here:
a +0 robe; a +0 dagger A slime creature comes into view.
There is an open door here.
MP restored: 20 The magic dart hits the slime creature but does no damage.
The slime creature quivers.
You now have 19/20 mp.
You swap places.
The slime creature hits Sinnashi!
Sinnashi points at the slime creature and mumbles some strange words.
The puff of frost hits the slime creature!
Something closely misses Sinnashi.
The slime creature closely misses Sinnashi.
Sinnashi casts a spell at the slime creature.
The puff of frost hits the slime creature!
Something closely misses Sinnashi.
Something hits Sinnashi.
The slime creature hits Sinnashi!!
The magic dart hits the slime creature.
The magic dart hits something.
Something hits you.
Deactivating autopickup; reactivate with Ctrl-A.
You take 2 damage, and have 64/66 hp.
You now have 18/20 mp.
The magic dart hits the slime creature.
You block something's attack.
You now have 17/20 mp.
The magic dart hits the slime creature.
Something barely misses you. The slime creature hits you.
You take 5 damage, and have 60/66 hp.
You now have 16/20 mp.
The magic dart hits the slime creature!
Something hits you! You block the slime creature's attack.
You take 8 damage, and have 52/66 hp.
You now have 15/20 mp.
Casting: Magic Dart (safe; 1% risk of failure)
Confirm with . or Enter, or press ? or * to list all spells.
Aiming: Searing Ray (safe; 1% risk of failure)
Press: ? - help, Shift-Dir - straight line, f/p - slime creature
Aim: a slime creature (severely wounded, 96% to hit)
The searing ray hits the slime creature! (Press . to maintain the ray.)
You block something's attack. Something hits you. The slime creature hits you!
You take 11 damage, and have 41/66 hp.
You now have 13/20 mp.
The searing ray hits the slime creature!
Something hits you. The slime creature hits you!
You take 10 damage, and have 31/66 hp.
The searing ray hits the slime creature!
Something hits you!
You take 9 damage, and have 22/66 hp.
You now have 12/21 mp.
Casting: Searing Ray (safe; 1% risk of failure)
Confirm with . or Enter, or press ? or * to list all spells.
You can't see any susceptible monsters within range! (Use Z to cast anyway.) Unknown command.
Casting: Searing Ray (safe; 1% risk of failure)
Confirm with . or Enter, or press ? or * to list all spells.
You erupt in a blast of force!
The mystic blast hits something!
You now have 8/21 mp.
Something hits you.
* * * LOW HITPOINT WARNING * * *
You take 3 damage, and have 19/66 hp.
Something barely misses you. Something hits you but does no damage.
Something hits you.
* * * LOW HITPOINT WARNING * * *
Casting: Iskenderun's Mystic Blast (dangerous; 6% risk of failure)
Confirm with . or Enter, or press ? or * to list all spells.
You erupt in a blast of force!
The mystic blast hits something!
You now have 5/21 mp.
Something hits you!
* * * LOW HITPOINT WARNING * * *
Things that are here:
a +0 shortbow; a centaur skeleton You take 10 damage, and have 9/66 hp.
You block something's attack. Something hits you!
* * * LOW HITPOINT WARNING * * *
You see here an adder skeleton.
You take 6 damage, and have 3/66 hp.
Something hits you but does no damage.
Casting: Iskenderun's Mystic Blast (dangerous; 6% risk of failure)
Confirm with . or Enter, or press ? or * to list all spells.
You erupt in a blast of force!
The mystic blast hits something!
Something hits you but does no damage.
You now have 1/21 mp.
Magic courses through your body. Something hits you.
You die...

###.....#........ ∆∆∆∆#..).'....
# #.....#........ ∆∆∆∆#....#....
# #.....#........ ∆∆∆∆#....#....
###.#####........ ∆∆∆∆#....#..)>
##..#
###'##############'########
##.####.#.....[...#8........#..#
...#....#.........#.........#..#
.....####.........#.........#..#
.##### #.....){@÷'........8#..#
.# #####################..# ##
##..(# #........# # #...######
#....<...# # #...#≈≈~≈#
#.......># #
#...#≈~≈~####.######## #
###.'~≈~≈'....# # ###≈~≈~######
# #≈≈~≈#


There were no monsters in sight!

Vanquished Creatures
  An ugly thing (D:6)
  A kobold demonologist (D:6)
  A troll (D:6)
  A slime creature (D:6)
  Menkaure (Ossuary)
  2 ice beasts
  A sky beast (D:7)
  2 ogres (D:7)
  A centaur (D:6)
  3 kobold brigands (D:7)
  A phantom (D:4)
  2 scorpions (D:5)
  2 wights (D:6)
  3 killer bees (D:7)
  2 howler monkeys
  2 jellies
  2 orc priests (D:3)
  A gnoll bouda (D:5)
  Terence (D:3)
  2 iguanas
  A sleepcap (D:4)
  3 orc wizards
  2 mummies (Ossuary)
  9 gnolls (D:5)
  9 adders
  2 shadow imps
  A white imp (D:6)
  2 ufetubi
  2 worms
  2 dart slugs (D:3)
  7 orcs
  5 endoplasms
  4 giant cockroaches
  7 hobgoblins
  3 quokkas
  2 ball pythons
  8 bats
  3 frilled lizards
  4 gnoll skeletons (Ossuary)
  9 goblins
  A goblin skeleton (Ossuary)
  4 goblin zombies (Ossuary)
  6 hobgoblin skeletons (Ossuary)
  5 hobgoblin zombies (Ossuary)
  20 kobolds
  2 kobold skeletons (Ossuary)
  3 kobold zombies (Ossuary)
  An orc skeleton (Ossuary)
  An orc zombie (Ossuary)
  5 rats
  5 rat skeletons (Ossuary)
  4 rat zombies (Ossuary)
174 creatures vanquished.

Vanquished Creatures (collateral kills)
  2 water moccasins
  A sky beast (D:7)
  3 black bears
  An ogre (D:4)
  4 wights (D:6)
  2 howler monkeys
  A gnoll bouda (D:7)
  A jelly (D:5)
  A sleepcap (D:5)
  An orc wizard (D:5)
  A mummy (Ossuary)
  7 gnolls
  2 adders (D:6)
  3 orcs
  A gnoll zombie (Ossuary)
  A goblin (D:3)
  A gnoll skeleton (Ossuary)
  2 goblin skeletons (Ossuary)
  2 goblin zombies (Ossuary)
  2 hobgoblin zombies (Ossuary)
  7 kobolds (D:7)
  A kobold skeleton (Ossuary)
  2 kobold zombies (Ossuary)
  An orc skeleton (Ossuary)
  A rat skeleton (Ossuary)
  A rat zombie (Ossuary)
52 creatures vanquished.

Vanquished Creatures (others)
  5 battlemagi
  3 ancestors
  4 fulminant prisms (D:6)
12 creatures vanquished.

Grand Total: 238 creatures vanquished

Notes
Turn   | Place    | Note
-------+----------+-------------------------------------------
     0 | D:1      | IndexError the Gnoll Conjurer began the quest for the Orb.
     0 | D:1      | Reached XP level 1. HP: 13/13 MP: 6/6
   352 | D:1      | Reached XP level 2. HP: 18/19 MP: 2/7
   641 | D:1      | Reached XP level 3. HP: 19/25 MP: 9/9
   644 | D:1      | Reached skill level 5 in Spellcasting
  1159 | D:2      | Reached skill level 1 in Invocations
  1424 | D:2      | Reached skill level 1 in Fighting
  1424 | D:2      | Reached skill level 1 in Short Blades
  1424 | D:2      | Reached skill level 1 in Long Blades
  1424 | D:2      | Reached skill level 1 in Axes
  1424 | D:2      | Reached skill level 1 in Maces & Flails
  1424 | D:2      | Reached skill level 1 in Polearms
  1424 | D:2      | Reached skill level 1 in Staves
  1424 | D:2      | Reached skill level 1 in Ranged Weapons
  1424 | D:2      | Reached skill level 1 in Throwing
  1424 | D:2      | Reached skill level 1 in Armour
  1424 | D:2      | Reached skill level 1 in Shields
  1424 | D:2      | Reached skill level 1 in Unarmed Combat
  1424 | D:2      | Reached skill level 1 in Evocations
  1683 | D:2      | Reached XP level 4. HP: 32/32 MP: 2/11
  1763 | D:2      | Learned a level 2 spell: Searing Ray
  1768 | D:2      | Learned a level 4 spell: Fulminant Prism
  1773 | D:2      | Learned a level 4 spell: Iskenderun's Mystic Blast
  1942 | D:3      | Found a faded altar of an unknown god.
  1945 | D:3      | Prayed at the altar of an unknown god.
  1945 | D:3      | Became a worshipper of Hepliaklqana the Forgotten
  1945 | D:3      | Reached * piety under Hepliaklqana
  2319 | D:3      | Found Xokhleuza's Weapon Shop.
  2323 | D:3      | Noticed an ice beast
  2327 | D:3      | Reached skill level 1 in Hexes
  2327 | D:3      | Reached skill level 1 in Summonings
  2327 | D:3      | Reached skill level 1 in Necromancy
  2327 | D:3      | Reached skill level 1 in Translocations
  2327 | D:3      | Reached skill level 1 in Transmutations
  2327 | D:3      | Reached skill level 1 in Fire Magic
  2327 | D:3      | Reached skill level 1 in Ice Magic
  2327 | D:3      | Reached skill level 1 in Air Magic
  2327 | D:3      | Reached skill level 1 in Earth Magic
  2327 | D:3      | Reached skill level 1 in Poison Magic
  2327 | D:3      | Reached skill level 1 in Shapeshifting
  2333 | D:3      | Killed an ice beast
  2334 | D:3      | Reached XP level 5. HP: 25/33 MP: 0/12
  2581 | D:3      | Noticed Terence
  2590 | D:3      | Killed Terence
  2736 | D:3      | Reached skill level 2 in Invocations
  2736 | D:3      | Reached XP level 6. HP: 26/39 MP: 7/13
  2878 | D:3      | Reached skill level 5 in Dodging
  2880 | D:3      | Reached skill level 2 in Fighting
  2880 | D:3      | Reached skill level 2 in Short Blades
  2880 | D:3      | Reached skill level 2 in Long Blades
  2880 | D:3      | Reached skill level 2 in Axes
  2880 | D:3      | Reached skill level 2 in Maces & Flails
  2880 | D:3      | Reached skill level 2 in Polearms
  2880 | D:3      | Reached skill level 2 in Staves
  2880 | D:3      | Reached skill level 2 in Ranged Weapons
  2880 | D:3      | Reached skill level 2 in Throwing
  2880 | D:3      | Reached skill level 2 in Armour
  2880 | D:3      | Reached skill level 2 in Shields
  2880 | D:3      | Reached skill level 2 in Unarmed Combat
  2880 | D:3      | Reached skill level 2 in Evocations
  3130 | D:3      | Found an ornate altar of the Wu Jian Council.
  3135 | D:3      | Identified the +1 dagger of Discord {drain, Str+2}
  3215 | D:4      | Found a sparkling altar of Nemelex Xobeh.
  3410 | D:4      | Found a transporter.
  3416 | D:4      | Found a transporter.
  3425 | D:4      | Reached XP level 7. HP: 45/45 MP: 8/15
  3470 | D:4      | Noticed psellion's ghost (novice OpMo)
  3614 | D:4      | Found an ancient bone altar of Kikubaaqudgha.
  3640 | D:4      | Reached ** piety under Hepliaklqana
  3754 | D:4      | Reached skill level 2 in Hexes
  3754 | D:4      | Reached skill level 2 in Summonings
  3754 | D:4      | Reached skill level 2 in Necromancy
  3754 | D:4      | Reached skill level 2 in Translocations
  3754 | D:4      | Reached skill level 2 in Transmutations
  3754 | D:4      | Reached skill level 2 in Fire Magic
  3754 | D:4      | Reached skill level 2 in Ice Magic
  3754 | D:4      | Reached skill level 2 in Air Magic
  3754 | D:4      | Reached skill level 2 in Earth Magic
  3754 | D:4      | Reached skill level 2 in Poison Magic
  3754 | D:4      | Reached skill level 2 in Shapeshifting
  4101 | D:5      | Entered Level 5 of the Dungeon
  4106 | D:5      | Reached skill level 5 in Stealth
  4110 | D:5      | Reached skill level 3 in Invocations
  4587 | D:5      | Found a staircase to the Ecumenical Temple.
  4602 | D:5      | Reached XP level 8. HP: 51/51 MP: 11/16
  4660 | D:5      | Reached skill level 3 in Fighting
  4660 | D:5      | Reached skill level 3 in Short Blades
  4660 | D:5      | Reached skill level 3 in Long Blades
  4660 | D:5      | Reached skill level 3 in Axes
  4660 | D:5      | Reached skill level 3 in Maces & Flails
  4660 | D:5      | Reached skill level 3 in Polearms
  4660 | D:5      | Reached skill level 3 in Staves
  4660 | D:5      | Reached skill level 3 in Ranged Weapons
  4660 | D:5      | Reached skill level 3 in Throwing
  4660 | D:5      | Reached skill level 3 in Armour
  4660 | D:5      | Reached skill level 3 in Shields
  4660 | D:5      | Reached skill level 3 in Unarmed Combat
  4660 | D:5      | Reached skill level 3 in Evocations
  5032 | D:5      | Reached skill level 6 in Spellcasting
  5503 | D:6      | Found a sand-covered staircase.
  5529 | Ossuary  | Entered an ossuary
  5603 | Ossuary  | Remembered your ancestor Sinnashi as a battlemage
  6340 | Ossuary  | Reached *** piety under Hepliaklqana
  6363 | Ossuary  | Noticed Menkaure
  6367 | Ossuary  | Killed Menkaure
  6526 | D:6      | Found a shimmering altar of Xom.
  6549 | D:6      | Reached skill level 4 in Invocations
  6585 | D:6      | Reached skill level 3 in Hexes
  6585 | D:6      | Reached skill level 3 in Summonings
  6585 | D:6      | Reached skill level 3 in Necromancy
  6585 | D:6      | Reached skill level 3 in Translocations
  6585 | D:6      | Reached skill level 3 in Transmutations
  6585 | D:6      | Reached skill level 3 in Fire Magic
  6585 | D:6      | Reached skill level 3 in Ice Magic
  6585 | D:6      | Reached skill level 3 in Air Magic
  6585 | D:6      | Reached skill level 3 in Earth Magic
  6585 | D:6      | Reached skill level 3 in Poison Magic
  6585 | D:6      | Reached skill level 3 in Shapeshifting
  6654 | D:6      | Reached skill level 6 in Dodging
  6744 | D:6      | Reached XP level 9. HP: 58/58 MP: 12/18
  6858 | D:6      | Reached skill level 4 in Fighting
  6858 | D:6      | Reached skill level 4 in Short Blades
  6858 | D:6      | Reached skill level 4 in Long Blades
  6858 | D:6      | Reached skill level 4 in Axes
  6858 | D:6      | Reached skill level 4 in Maces & Flails
  6858 | D:6      | Reached skill level 4 in Polearms
  6858 | D:6      | Reached skill level 4 in Staves
  6858 | D:6      | Reached skill level 4 in Ranged Weapons
  6858 | D:6      | Reached skill level 4 in Throwing
  6858 | D:6      | Reached skill level 4 in Armour
  6858 | D:6      | Reached skill level 4 in Shields
  6858 | D:6      | Reached skill level 4 in Unarmed Combat
  6858 | D:6      | Reached skill level 4 in Evocations
  7231 | D:7      | Reached skill level 6 in Stealth
  7231 | D:7      | Reached skill level 8 in Conjurations
  7652 | D:7      | Reached skill level 5 in Invocations
  7830 | D:7      | Found a glowing silver altar of Zin.
  8057 | D:7      | Found a bloodstained altar of Trog.
  8129 | D:7      | Found an opulent altar of Gozag.
  8445 | D:6      | Noticed a troll
  8448 | D:6      | Reached skill level 7 in Spellcasting
  8458 | D:6      | Noticed a cyan ugly thing
  8466 | D:6      | Killed a troll
  8467 | D:6      | Reached skill level 4 in Hexes
  8467 | D:6      | Reached skill level 4 in Summonings
  8467 | D:6      | Reached skill level 4 in Necromancy
  8467 | D:6      | Reached skill level 4 in Translocations
  8467 | D:6      | Reached skill level 4 in Transmutations
  8467 | D:6      | Reached skill level 4 in Fire Magic
  8467 | D:6      | Reached skill level 4 in Ice Magic
  8467 | D:6      | Reached skill level 4 in Air Magic
  8467 | D:6      | Reached skill level 4 in Earth Magic
  8467 | D:6      | Reached skill level 4 in Poison Magic
  8467 | D:6      | Reached skill level 4 in Shapeshifting
  8467 | D:6      | Reached XP level 10. HP: 65/65 MP: 4/20
  8469 | D:6      | Noticed a kobold demonologist
  8593 | D:6      | Killed a cyan ugly thing
  8594 | D:6      | Reached skill level 5 in Fighting
  8594 | D:6      | Reached skill level 5 in Short Blades
  8594 | D:6      | Reached skill level 5 in Long Blades
  8594 | D:6      | Reached skill level 5 in Axes
  8594 | D:6      | Reached skill level 5 in Maces & Flails
  8594 | D:6      | Reached skill level 5 in Polearms
  8594 | D:6      | Reached skill level 5 in Staves
  8594 | D:6      | Reached skill level 5 in Ranged Weapons
  8594 | D:6      | Reached skill level 5 in Throwing
  8594 | D:6      | Reached skill level 5 in Armour
  8594 | D:6      | Reached skill level 5 in Shields
  8594 | D:6      | Reached skill level 5 in Unarmed Combat
  8594 | D:6      | Reached skill level 5 in Evocations
  8594 | D:6      | Killed a kobold demonologist
  8595 | D:6      | Reached skill level 7 in Dodging
  8725 | D:6      | HP: 9/66 [something (10)]
  8726 | D:6      | HP: 3/66 [something (7)]
  8729 | D:6      | Slain by an unseen horror

Illustrated notes

Levels and vault maps discovered:
D:1:      minmay_arrival_glassed_features, layout_loops_ring,
          minmay_misc_feat_alley, minmay_close_crescents
D:2:      layout_loops_cross
D:3:      layout_loops_ring, nicolae_wu_jian_immortal_techniques, serial_shops,
          nicolae_shop_bloodbath_and_beyond, nicolae_ecumenical_pavilion,
          uniq_terence
D:4:      layout_cave_pools, nemelex_xobeh_ov_fountains_minmay,
          lemuel_round_altar, gammafunk_ghost_gnarly_gnolls
D:5:      layout_loops_ring, minmay_temple_entry_junction
D:6:      minmay_klotski, layout_rooms, nicolae_overflow_hidden_temple,
          nicolae_ossuary_entry_ruins, chequers_serial_rivers_room_b
D:7:      layout_rooms, mainiacjoe_overflow_catwalk_spiral,
          mainiacjoe_overflow_catwalk, st_stairs_8, minmay_hedge_maze

Skill      XL: |  1  2  3  4  5  6  7  8  9 10 |
---------------+-------------------------------+-----
Spellcasting   | 5 6 7 |  7.3
Invocations    | 1 2 3 4 5 |  5.7
Fighting       | 1 2 3 4 5 |  5.2
Short Blades   | 1 2 3 4 5 |  5.2
Long Blades    | 1 2 3 4 5 |  5.2
Axes           | 1 2 3 4 5 |  5.2
Maces & Flails | 1 2 3 4 5 |  5.2
Polearms       | 1 2 3 4 5 |  5.2
Staves         | 1 2 3 4 5 |  5.2
Ranged Weapons | 1 2 3 4 5 |  5.2
Throwing       | 1 2 3 4 5 |  5.2
Armour         | 1 2 3 4 5 |  5.2
Shields        | 1 2 3 4 5 |  5.2
Unarmed Combat | 1 2 3 4 5 |  5.2
Evocations     | 1 2 3 4 5 |  5.2
Hexes          | 1 2 3 4 |  4.3
Summonings     | 1 2 3 4 |  4.3
Necromancy     | 1 2 3 4 |  4.3
Translocations | 1 2 3 4 |  4.3
Transmutations | 1 2 3 4 |  4.3
Fire Magic     | 1 2 3 4 |  4.3
Ice Magic      | 1 2 3 4 |  4.3
Air Magic      | 1 2 3 4 |  4.3
Earth Magic    | 1 2 3 4 |  4.3
Poison Magic   | 1 2 3 4 |  4.3
Shapeshifting  | 1 2 3 4 |  4.3
Dodging        | 5 6 7 |  7.0
Stealth        | 5 6 |  6.7
Conjurations   | 8 |  8.4

Action                     |  1- 3 |  4- 6 |  7- 9 | 10-12 || total
---------------------------+-------+-------+-------+-------++-------
  Melee: Rapier            |     6 |       |       |       ||     6
         Dagger            |    18 |       |       |       ||    18
         Bite              |     2 |       |     1 |       ||     3
         Flail             |       |     9 |    19 |       ||    28
   Cast: Magic Dart        |    59 |    68 |   313 |    11 ||   451
         Searing Ray       |       |     7 |    14 |     2 ||    23
         Fulminant Prism   |       |       |     3 |     1 ||     4
         Iskenderun's Myst |       |       |       |     5 ||     5
 Invoke: Ancestor Identity |       |     1 |       |       ||     1
         Ancestor Life: Ba |       |       |     1 |       ||     1
    Use: Potion            |       |       |       |     1 ||     1
   Stab: Sleeping          |     3 |       |       |       ||     3
 Armour: Robe              |     4 |     2 |     3 |     3 ||    12
  Dodge: Dodged            |    12 |     8 |    25 |     2 ||    47
  Block: Other             |       |       |     8 |     4 ||    12
         Reflection        |       |       |     2 |       ||     2

Table legend: (Time is in decaauts)
 A = Elapsed time spent in this place.
 B = Non-inter-level travel time spent in this place.
 C = Inter-level travel time spent in this place.
 D = Time resting spent in this place.
 E = Time spent auto-exploring this place.
 F = Levels seen in this place.
 G = Mean time per level.
                   A        B        C        D        E       F      G
               +--------+--------+--------+--------+--------+-----+--------+
         Total |   8741 |   8241 |    500 |     33 |   7017 |   8 | 1092.6 |
       Dungeon |   7805 |   7305 |    500 |      0 |   6343 |   7 | 1115.0 |
       Ossuary |    935 |    935 |      0 |     33 |    674 |   1 |  935.0 |
               +--------+--------+--------+--------+--------+-----+--------+

Top non-repeatable levels by time:
     D:5: 1307 daAuts
     D:7: 1306 daAuts
     D:3: 1217 daAuts
     D:1: 1101 daAuts
     D:6: 1043 daAuts
 Ossuary: 935 daAuts
     D:4: 933 daAuts
     D:2: 896 daAuts

Levels and vault maps discovered:
D:1:      minmay_arrival_glassed_features, layout_loops_ring,
          minmay_misc_feat_alley, minmay_close_crescents
D:2:      layout_loops_cross
D:3:      layout_loops_ring, nicolae_wu_jian_immortal_techniques, serial_shops,
          nicolae_shop_bloodbath_and_beyond, nicolae_ecumenical_pavilion,
          uniq_terence
D:4:      layout_cave_pools, nemelex_xobeh_ov_fountains_minmay,
          lemuel_round_altar, gammafunk_ghost_gnarly_gnolls
D:5:      layout_loops_ring, minmay_temple_entry_junction
D:6:      minmay_klotski, layout_rooms, nicolae_overflow_hidden_temple,
          nicolae_ossuary_entry_ruins, chequers_serial_rivers_room_b
D:7:      layout_rooms, mainiacjoe_overflow_catwalk_spiral,
          mainiacjoe_overflow_catwalk, st_stairs_8, minmay_hedge_maze

Table legend: (Time is in decaauts)
 A = Elapsed time spent in this place.
 B = Non-inter-level travel time spent in this place.
 C = Inter-level travel time spent in this place.
 D = Time resting spent in this place.
 E = Time spent auto-exploring this place.
 F = Levels seen in this place.
 G = Mean time per level.
                   A        B        C        D        E       F      G
               +--------+--------+--------+--------+--------+-----+--------+
         Total |   8741 |   8241 |    500 |     33 |   7017 |   8 | 1092.6 |
       Dungeon |   7805 |   7305 |    500 |      0 |   6343 |   7 | 1115.0 |
       Ossuary |    935 |    935 |      0 |     33 |    674 |   1 |  935.0 |
               +--------+--------+--------+--------+--------+-----+--------+

Top non-repeatable levels by time:
     D:5: 1307 daAuts
     D:7: 1306 daAuts
     D:3: 1217 daAuts
     D:1: 1101 daAuts
     D:6: 1043 daAuts
 Ossuary: 935 daAuts
     D:4: 933 daAuts
     D:2: 896 daAuts

Table legend:
 A = Kills in this place as a percentage of kills in the entire game.
 B = Kills by you in this place as a percentage of kills by you in the entire game.
 C = Kills by friends in this place as a percentage of kills by friends in the entire game.
 D = Other kills in this place as a percentage of other kills in the entire game.
 E = Experience gained in this place as a percentage of experience gained in the entire game.
 F = Experience gained in this place divided by the number of levels of this place that you have seen.
                   A       B       C       D       E      F
               +-------+-------+-------+-------+-------+----------------------
         Total | 100.0 | 100.0 | 100.0 |   N/A | 100.0 | 743.1
       Dungeon |  76.1 |  77.6 |  71.2 |   N/A |  95.5 | 811.4
       Ossuary |  23.9 |  22.4 |  28.8 |   N/A |   4.5 | 265.0
               +-------+-------+-------+-------+-------+----------------------
